 Dungeon Crawl Stone Soup version 0.23.2 (webtiles) character file.

Game seed: 12706244888165762149

15112 FakeJameh the Grappler (level 12, -4/103 HPs)
             Began as a Ghoul Warper on Apr 29, 2019.
             Was a Plaything of Xom.
             Slain by a black mamba (16 damage)
             ... on level 1 of the Lair of Beasts.
             The game lasted 02:14:11 (16119 turns).

FakeJameh the Grappler (Ghoul Warper)              Turns: 16119, Time: 02:14:12

Health: -4/103     AC:  8    Str: 16      XL:     12   Next: 23%
Magic:  7/23       EV: 13    Int: 14 (16) God:    Xom [..*...]
Gold:   863        SH:  3    Dex:  7 (8)  Spells: 5/28 levels left

rFire    . . .     SeeInvis .     - Unarmed
rCold    + . .     Gourm    .   (no shield)
rNeg     + + +     Faith    .   S - +3 troll leather armour
rPois    ∞         Spirit   .   (no helmet)
rElec    .         Reflect  +   (no cloak)
rCorr    .         Harm     .   (no gloves)
MR       +....                  l - +0 pair of boots
Stlth    +++.......             t - +3 amulet of reflection
HPRegen  0.00/turn              R - ring of protection from magic
MPRegen  0.18/turn              v - +4 ring of intelligence

@: rotting
A: rotting body, claws 1, carnivore, cold resistance 1, negative energy
resistance 3, inhibited regeneration, torment resistance, unbreathing
a: Renounce Religion


You were on level 1 of the Lair of Beasts.
You worshipped Xom.
You were a toy of Xom.
You were not hungry.

You visited 3 branches of the dungeon, and saw 14 of its levels.

You collected 863 gold pieces.

Inventory:

Hand Weapons
 n - a +1 dagger of venom
 s - a +3 scimitar
 A - a +2 flail of draining
 O - a +4 falchion
 T - a +2 mace of protection
 U - a +1 spear of venom
Missiles
 d - 5 tomahawks of dispersal (quivered)
 N - 2 tomahawks
 Q - a throwing net
 X - a javelin
Armour
 j - a +3 leather armour of cold resistance
 l - a +0 pair of boots (worn)
 y - the +1 leather armour of Nunkiluag {rElec Dex+2}
   (You found it on level 5 of the Dungeon)

   It affects your dexterity (+2).
   It insulates you from electricity.
 L - a +0 plate armour
 M - a +2 robe of fire resistance
 S - a +3 troll leather armour (worn)
Jewellery
 h - an uncursed ring of resist corrosion
 i - an uncursed ring of fire
 r - an uncursed amulet of magic regeneration
 t - a +3 amulet of reflection (around neck)
 v - a +4 ring of intelligence (right claw)
 R - a ring of protection from magic (left claw)
Wands
 a - a wand of scattershot (8)
 H - a wand of acid (5)
 W - a wand of iceblast (3)
 Y - a wand of clouds (6)
Scrolls
 c - a scroll of blinking
 o - 4 scrolls of immolation
 x - 3 scrolls of amnesia {unknown}
 B - a scroll of identify
 D - a scroll of remove curse
 E - a scroll of noise {unknown}
 F - 3 scrolls of fear
 J - a scroll of enchant weapon {unknown}
 K - a scroll of fog
 P - 2 scrolls of vulnerability {unknown}
 Z - 2 scrolls of holy word {unknown}
Potions
 b - 2 potions of haste
 e - 2 potions of agility
 g - 3 potions of cancellation {unknown}
 k - 3 potions of ambrosia
 m - 2 potions of magic {unknown}
 p - 2 potions of degeneration {unknown}
 q - 2 potions of might
 u - 2 potions of heal wounds
 w - 2 potions of lignification
 z - 4 potions of mutation
 C - a potion of brilliance {unknown}
 G - a potion of flight {unknown}
 I - 3 potions of curing
 V - a potion of invisibility {unknown}
Comestibles
 f - 30 rations


   Skills:
 + Level 8.7 Fighting
 - Level 0.2 Short Blades
 - Level 0.8 Throwing
 - Level 3.9 Armour
 - Level 5.4 Dodging
 + Level 7.0 Stealth
 - Level 9.6 Unarmed Combat
 - Level 8.5 Spellcasting
 + Level 2.0 Hexes
 - Level 4.4 Charms
 - Level 1.6 Necromancy
 - Level 5.2 Translocations
 + Level 2.3 Evocations


You had 5 spell levels left.
You knew the following spells:

 Your Spells              Type           Power        Failure   Level  Hunger
a - Blink                 Tloc           N/A          2%          2    None
b - Shroud of Golubria    Chrm/Tloc      ###.......   3%          2    None
c - Teleport Other        Tloc           ###.....     4%          3    ##.....
d - Gell's Gravitas       Tloc           ###.......   4%          3    ##.....
e - Lesser Beckoning      Tloc           ###.......   4%          3    ##.....
f - Portal Projectile     Hex/Tloc       ###...       10%         3    ##.....
g - Corona                Hex            ##.....      6%          1    None
h - Inner Flame           Hex/Fire       #.......     28%         3    ##.....
i - Pain                  Necr           ##..         8%          1    None
j - Slow                  Hex            ##......     10%         2    None

Your spell library contained the following spells:

 Spells                   Type           Power        Failure   Level  Hunger
 Animate Skeleton         Necr           N/A          8%          1    None
 Regeneration             Chrm/Necr      ##........   12%         3    ##.....
 Recall                   Summ/Tloc      N/A          14%         3    ##.....
 Passage of Golubria      Tloc           N/A          17%         4    ####...
 Vampiric Draining        Necr           ##........   22%         3    ##.....
 Cause Fear               Hex            ##........   52%         4    ####...
 Animate Dead             Necr           N/A          58%         4    ####...
 Leda's Liquefaction      Hex/Erth       #.........   67%         4    ####...


Dungeon Overview and Level Annotations

Branches:
Dungeon (11/15)            Temple (1/1) D:7            Lair (2/6) D:8
    Orc (0/2) D:9
  Swamp: Lair:2-4    Shoals: Lair:2-4     Snake: Lair:2-4    Spider: Lair:2-4

Altars:
Ashenzari
Cheibriados
Dithmenos
Elyvilon
Fedhas
Gozag
Hepliaklqana
Kikubaaqudgha
Makhleb
Nemelex Xobeh
Okawaru
Qazlal
Ru
Sif Muna
Trog
Uskayaw
Vehumet
Wu Jian
Xom
Yredelemnul
Zin
The Shining One

Shops:
D:10 *

Annotations:
D:7 1 runed translucent door, dontdoit's ghost, novice TeEE
D:8 Maurice
D:10 Erica


Innate Abilities, Weirdness & Mutations

Your body is rotting away.
You thrive on raw meat.
You are immune to poison.
You have sharp fingernails.
You are carnivorous and can eat meat at any time.
Your flesh is cold resistant. (rC+)
You are immune to negative energy. (rN+++)
You do not regenerate when monsters are visible.
You are immune to unholy pain and torment.
You can survive without breathing.


Message History

Confirm with . or Enter, or press ? or * to list all spells.
You blink.
Casting: Blink (safe; 2% risk of failure)
Confirm with . or Enter, or press ? or * to list all spells.
Okay, then.
Casting: Blink (safe; 2% risk of failure)
Confirm with . or Enter, or press ? or * to list all spells.
Aiming: Slow (safe; 10% risk of failure)
Press: ? - help, Shift-Dir - straight line, f - black mamba
Aim: a black mamba (chance to defeat MR: 47%)
The black mamba resists with some effort.
Casting: Slow (safe; 10% risk of failure)
Confirm with . or Enter, or press ? or * to list all spells.
Aiming: Slow (safe; 10% risk of failure)
Press: ? - help, Shift-Dir - straight line, f/p - black mamba
Aim: a black mamba (chance to defeat MR: 47%)
The black mamba resists with some effort.
The black mamba bites you!
You die...
Xom is highly amused!

#..................# #...P#
##..÷..............## ##..##
######<........_........####..#
#.P##P>......P####P##..#.##P..#
.............## ####.........#
.............##### #.........#
########P.##.#.#.####.........##
#####.....S.............#
#....@###.##.###....#
##.....#........+....#
#P.....#............##
##.....#........#....# #######
#...................##
..##..#####P.....#........#...P#
.................#........#...##
.....#.##.###....#........#...#
...#........#....#............#


You could see a black mamba.

Vanquished Creatures
  Erolcha (D:11)
  A two-headed ogre (D:11)
  A skeletal warrior (D:11)
  2 unseen horrors
  A deep elf mage (D:11)
  An ugly thing (D:11)
  A manticore (D:11)
  2 centaur skeletons (D:11)
  A spiny frog (Lair:1)
  A rime drake (Lair:2)
  2 komodo dragons (Lair:1)
  A troll (D:8)
  Prince Ribbit (D:5)
  4 hippogriffs
  16 yaks
  A vampire (D:9)
  2 wyverns
  Grum (D:9)
  A steam dragon (D:10)
  A water moccasin (Lair:2)
  2 porcupines (Lair:1)
  3 ice beasts
  4 black bears
  An orc warrior (D:8)
  3 sky beasts
  A necrophage (D:9)
  2 phantoms
  7 ogres
  3 wolves (D:9)
  3 centaurs
  4 crocodiles
  Blork the orc (D:6)
  5 bullfrogs
  5 scorpions
  A water moccasin skeleton (D:11)
  12 wights
  A howler monkey (D:5)
  4 crimson imps
  A centaur zombie (D:8)
  2 jellies
  2 quasits
  2 bullfrog zombies
  8 hounds
  3 orc priests
  3 orc wizards
  2 bullfrog skeletons
  4 iguanas
  8 worker ants
  A hound zombie (D:8)
  A worker ant zombie (D:8)
  7 gnolls
  15 adders
  A shadow imp (D:9)
  5 oozes
  2 adder skeletons
  2 adder zombies
  7 worms
  6 dart slugs
  7 leopard geckos
  28 orcs
  3 ball pythons
  9 giant cockroaches
  10 goblins
  4 hobgoblins
  12 jackals
  11 kobolds
  5 quokkas
  A ball python skeleton (D:4)
  9 bats
  4 frilled lizards
  A leopard gecko skeleton (D:6)
  10 rats
300 creatures vanquished.

Vanquished Creatures (collateral kills)
  A hound (D:10)
  An iguana (D:10)
2 creatures vanquished.

Vanquished Creatures (others)
  A hippogriff (shapeshifter) (Lair:1)
  A kobold (D:3)
2 creatures vanquished.

Grand Total: 304 creatures vanquished

Notes
Turn   | Place    | Note
-------+----------+-------------------------------------------
     0 | D:1      | FakeJameh the Ghoul Warper began the quest for the Orb.
     0 | D:1      | Reached XP level 1. HP: 17/17 MP: 2/2
    20 | D:1      | Reached skill level 1 in Armour
   154 | D:1      | Reached XP level 2. HP: 19/24 MP: 4/4
   352 | D:1      | Reached XP level 3. HP: 23/29 MP: 5/5
   403 | D:1      | Learned a level 2 spell: Blink
   769 | D:2      | Reached skill level 3 in Unarmed Combat
   778 | D:2      | Reached XP level 4. HP: 16/36 MP: 6/6
   874 | D:2      | Learned a level 2 spell: Shroud of Golubria
   878 | D:2      | Learned a level 3 spell: Teleport Other
  1469 | D:1      | Reached skill level 4 in Unarmed Combat
  1502 | D:1      | Reached XP level 5. HP: 40/42 MP: 3/7
  2038 | D:2      | Found a shadowy altar of Dithmenos.
  2189 | D:3      | Found a hide-covered altar of Uskayaw.
  2242 | D:3      | Found a radiant altar of Vehumet.
  2674 | D:3      | Reached XP level 6. HP: 45/51 MP: 5/8
  3495 | D:4      | Reached skill level 5 in Unarmed Combat
  3638 | D:4      | Noticed a phantom
  3700 | D:4      | Found a white marble altar of Elyvilon.
  3719 | D:4      | Reached XP level 7. HP: 34/55 MP: 9/9
  3992 | D:4      | Found a shattered altar of Ashenzari.
  4041 | D:4      | Reached skill level 6 in Unarmed Combat
  4426 | D:5      | Entered Level 5 of the Dungeon
  4663 | D:5      | Noticed Prince Ribbit
  5047 | D:5      | Got a blackened leather armour
  5067 | D:5      | Identified the +1 leather armour of Nunkiluag {rElec Dex+2}
                  | (You found it on level 5 of the Dungeon)
  5142 | D:6      | Reached XP level 8. HP: 62/66 MP: 11/11
  5151 | D:6      | Learned a level 3 spell: Gell's Gravitas
  5516 | D:5      | HP: 2/66 [ogre/+0 giant club (23)]
  5544 | D:5      | HP: 3/66 [orc priest/divine providence (11)]
  6491 | D:5      | Reached skill level 7 in Unarmed Combat
  6589 | D:5      | Killed Prince Ribbit
  6935 | D:6      | Noticed a hippogriff
  6956 | D:6      | Killed a hippogriff
  6956 | D:6      | Reached skill level 1 in Stealth
  6956 | D:6      | Reached skill level 1 in Charms
  6956 | D:6      | Reached XP level 9. HP: 54/72 MP: 12/14
  6963 | D:6      | Learned a level 3 spell: Lesser Beckoning
  6966 | D:6      | Noticed Blork the orc
  6999 | D:6      | Killed Blork the orc
  7430 | D:6      | Reached skill level 8 in Unarmed Combat
  8343 | D:7      | Reached skill level 5 in Spellcasting
  8343 | D:7      | Reached skill level 5 in Translocations
  8521 | D:7      | Found a staircase to the Ecumenical Temple.
  8545 | Temple   | Entered the Ecumenical Temple
  8781 | D:7      | Identified the Reference Book on the Traveller
  9095 | D:7      | Found an ancient bone altar of Kikubaaqudgha.
  9274 | D:7      | Reached skill level 9 in Unarmed Combat
  9367 | D:7      | Found a runed translucent door.
  9367 | D:7      | Noticed dontdoit's ghost (novice TeEE)
  9422 | D:8      | Noticed Maurice
  9473 | D:8      | Reached skill level 5 in Fighting
  9473 | D:8      | Reached XP level 10. HP: 80/80 MP: 14/16
  9687 | D:8      | Found a sparkling altar of Nemelex Xobeh.
  9813 | D:8      | Noticed a moth of wrath
  9816 | D:8      | Found a bloodstained altar of Trog.
 10042 | D:8      | Found a staircase to the Lair.
 10378 | D:9      | Found a staircase to the Orcish Mines.
 10428 | D:9      | Learned a level 3 spell: Portal Projectile
 10625 | D:9      | Found an iron altar of Okawaru.
 10754 | D:9      | Found a hazy altar of Hepliaklqana.
 10756 | D:9      | Found a snail-covered altar of Cheibriados.
 10771 | D:9      | Found an ornate altar of the Wu Jian Council.
 10773 | D:9      | Found an opulent altar of Gozag.
 10788 | D:9      | Reached skill level 5 in Dodging
 11033 | D:9      | Noticed Grum
 11178 | D:10     | Entered Level 10 of the Dungeon
 11303 | D:10     | Noticed a brown ugly thing
 11384 | D:10     | Killed an unseen horror
 11734 | D:10     | Noticed Erica
 11769 | D:9      | Found a shimmering altar of Xom.
 11779 | D:9      | Became a worshipper of Xom of Chaos
 11905 | D:9      | XOM: potion effect (brilliance)
 11907 | D:9      | Reached skill level 1 in Evocations
 11914 | D:9      | Killed Grum
 12056 | D:10     | XOM: cast spell 'Call Canine Familiar'
 12085 | D:10     | Found Honaz's General Store.
 12182 | D:10     | XOM: harmless Air miscast
 12334 | D:10     | XOM: potion effect (agility)
 12350 | D:10     | XOM: potion effect (brilliance)
 12359 | D:10     | XOM: harmless Air miscast
 12399 | D:10     | XOM: potion effect (haste)
 12408 | D:10     | XOM: potion effect (brilliance)
 12424 | D:10     | XOM: harmless Erth miscast
 12445 | D:10     | Reached XP level 11. HP: 42/92 MP: 10/19
 12446 | D:10     | XOM: potion effect (magic)
 12447 | D:10     | XOM: potion effect (invisibility)
 12448 | D:10     | XOM: potion effect (haste)
 12606 | D:11     | XOM: harmless Tloc miscast
 12674 | D:11     | XOM: silly message
 12703 | D:11     | XOM: harmless Hex miscast
 12710 | D:11     | XOM: potion effect (curing)
 12717 | D:11     | XOM: harmless Fire miscast
 12806 | D:11     | XOM: potion effect (might)
 12812 | D:11     | Noticed a skeletal warrior
 12814 | D:11     | XOM: potion effect (agility)
 12838 | D:11     | XOM: potion effect (might)
 12858 | D:11     | XOM: potion effect (magic)
 12862 | D:11     | XOM: cast spell 'Monstrous Menagerie'
 12871 | D:11     | Killed a skeletal warrior
 12914 | D:11     | Killed an unseen horror
 12957 | D:11     | Noticed a deep elf mage
 12965 | D:11     | Xom revived you
 12988 | D:11     | Noticed a white ugly thing
 13154 | D:11     | XOM: 4-stop teleportation journey
 13222 | D:11     | XOM: confuse monster(s)
 13223 | D:11     | XOM: enchant monster (good)
 13261 | D:11     | Killed a white ugly thing
 13336 | D:11     | XOM: divination: detect creatures
 13443 | D:11     | XOM is BORED!
 13443 | D:11     | XOM: harmless Erth miscast
 13588 | D:11     | XOM: potion effect (agility)
 13595 | D:11     | Noticed a brown ugly thing
 13606 | D:11     | XOM: potion effect (brilliance)
 13614 | D:11     | XOM: potion effect (heal wounds)
 13620 | D:11     | Reached skill level 5 in Stealth
 13666 | D:11     | Noticed a two-headed ogre
 13671 | D:11     | XOM: silly message
 13675 | D:11     | Noticed a manticore
 13682 | D:11     | Killed a manticore
 13982 | D:11     | Noticed Erolcha
 13987 | D:11     | Killed Erolcha
 14159 | D:11     | Killed a deep elf mage
 14159 | D:11     | Reached skill level 1 in Hexes
 14173 | D:11     | XOM is BORED!
 14173 | D:11     | XOM: harmless Ice miscast
 14208 | D:11     | XOM: silly message
 14213 | D:11     | XOM: silly message
 14214 | D:11     | XOM: potion effect (haste)
 14228 | D:11     | XOM: potion effect (brilliance)
 14235 | D:11     | XOM: divination: magic mapping
 14266 | D:11     | XOM: harmless Necr miscast
 14279 | D:11     | XOM: potion effect (brilliance)
 14280 | D:11     | XOM: harmless Conj miscast
 14421 | D:11     | XOM: potion effect (brilliance)
 14442 | D:11     | XOM: harmless Pois miscast
 14472 | D:11     | Learned a level 1 spell: Corona
 14476 | D:11     | Learned a level 3 spell: Inner Flame
 14478 | D:11     | Learned a level 1 spell: Pain
 14481 | D:11     | Learned a level 2 spell: Slow
 14740 | D:11     | XOM: cloud trail
 14829 | D:11     | XOM: harmless Fire miscast
 14835 | D:11     | XOM: enchant monster (good)
 14852 | D:11     | Killed a two-headed ogre
 14852 | D:11     | Reached skill level 1 in Necromancy
 14852 | D:11     | Reached XP level 12. HP: 65/101 MP: 23/23
 14963 | Lair:1   | Entered Level 1 of the Lair of Beasts
 15016 | Lair:2   | XOM: cast spell 'Discord'
 15022 | Lair:1   | XOM: scenery: create altars
 15135 | Lair:1   | XOM: polymorph spiny frog -> shapeshifter
 15336 | Lair:1   | XOM: scenery: create altars
 15359 | Lair:1   | XOM: divine lightning
 15479 | Lair:1   | XOM: cast spell 'Cause Fear'
 15518 | Lair:1   | XOM: cast spell 'Disjunction'
 15634 | Lair:1   | XOM: summons friendly white imp
 15668 | Lair:1   | XOM: harmless Hex miscast
 15797 | Lair:1   | XOM: medium Pois miscast
 15924 | Lair:2   | XOM: snakes to sticks
 15929 | Lair:2   | XOM: potion effect (curing)
 15931 | Lair:2   | XOM: potion effect (haste)
 16108 | Lair:2   | XOM: silly message
 16119 | Lair:1   | Slain by a black mamba

Skill      XL: |  1  2  3  4  5  6  7  8  9 10 11 12 |
---------------+-------------------------------------+-----
Armour         | 1 2 3 |  3.9
Spellcasting   | 2 3 4 5 6 8 |  8.5
Dodging        | 2 3 4 5 |  5.4
Unarmed Combat | 3 4 5 6 7 9 |  9.6
Fighting       | 3 4 5 7 8 |  8.7
Translocations | 3 4 5 |  5.2
Stealth        | 1 3 5 7 |  7.0
Charms         | 1 3 4 |  4.4
Evocations     | 1 2 |  2.3
Hexes          | 1 2 |  2.0
Necromancy     | 1 |  1.6
Short Blades   | |  0.2
Throwing       | |  0.8

Action                   |  1- 3 |  4- 6 |  7- 9 | 10-12 || total
-------------------------+-------+-------+-------+-------++-------
Melee: Unarmed           |   116 |   347 |   441 |   608 ||  1512
       Punch             |     1 |     2 |     7 |    22 ||    32
       Dagger            |       |       |    23 |       ||    23
       Falchion          |       |       |       |    21 ||    21
 Cast: Blink             |       |     3 |     6 |    47 ||    56
       Teleport Other    |       |     4 |     8 |    15 ||    27
       Shroud of Golubri |       |     4 |    22 |    44 ||    70
       Gell's Gravitas   |       |       |     3 |    15 ||    18
       Portal Projectile |       |       |       |     6 ||     6
       Pain              |       |       |       |    28 ||    28
       Slow              |       |       |       |     5 ||     5
       Corona            |       |       |       |     5 ||     5
Evoke: Wand              |       |       |       |    17 ||    17
  Use: Scroll            |     3 |     4 |     7 |    12 ||    26
       Potion            |       |     1 |     2 |     5 ||     8
 Stab: Distracted        |       |       |     2 |       ||     2
       Petrified         |       |       |       |    11 ||    11
       Sleeping          |       |       |       |     5 ||     5
       Invisible         |       |       |       |     3 ||     3
  Eat: Chunk             |    15 |    34 |    41 |    53 ||   143
Armor: Leather armour    |    29 |   110 |   126 |    21 ||   286
       Troll leather arm |       |       |       |   169 ||   169
Dodge: Dodged            |    67 |   221 |   265 |   436 ||   989
Block: Other             |       |       |    53 |    82 ||   135
       Reflection        |       |       |       |     3 ||     3
       Rpst.: Falchion   |       |       |       |     3 ||     3
